Map: Prion Terraces

Players

vengeanCE - Winner!

  • Race: Protoss Protoss

lesha

  • Race: Terran Terran
  • League: Silver

VOD

Have the link to the VOD?

Description

Time

  • Played on: Dec. 30, 2015, 10:17 a.m.
  • Length: 13:28
Show
View Real Time Build Order
Export as new Build Order

vengeanCE Protoss - Winner!

Build Orders: 1 Gate Expand 

Get SALT Encoding   

  12  0:00  Probe (Chrono Boost)  
  13  0:11  Probe (Chrono Boost)  
  14  0:18  Pylon  
  14  0:22  Probe (Chrono Boost)  
  15  0:36  Probe (Chrono Boost)  
  15  0:37  Gateway  
  16  0:46  Assimilator  
  16  0:47  Probe (Chrono Boost)  
  17  0:57  Probe (Chrono Boost)  
  18  1:17  Nexus  
  18  1:31  Cybernetics Core  
  19  1:33  Probe (Chrono Boost)  
  19  1:41  Pylon  
  20  1:47  Probe (Chrono Boost)  
  20  1:57  Probe (Chrono Boost)  
  20  2:01  Assimilator  
  21  2:10  Warp Gate  
  21  2:13  Probe (Chrono Boost)  
  23  2:19  Adept  
  23  2:26  Probe (Chrono Boost)  
  25  2:30  Probe (Chrono Boost)  
  27  2:37  Mothership Core (Chrono Boost)  
  27  2:43  Probe (Chrono Boost)  
  28  2:54  Probe (Chrono Boost)  
  28  2:55  Probe (Chrono Boost)  
  30  3:05  Probe (Chrono Boost), Adept, Robotics Facility  
  33  3:06  Probe (Chrono Boost)  
  33  3:08  Pylon  
  34  3:15  Probe (Chrono Boost)  
  34  3:16  Probe (Chrono Boost)  
  36  3:21  Pylon  
  36  3:26  Probe (Chrono Boost)  
  36  3:27  Probe (Chrono Boost)  
  38  3:35  Adept  
  38  3:36  Probe (Chrono Boost)  
  38  3:37  Probe (Chrono Boost)  
  42  3:47  Probe (Chrono Boost)  
  42  3:48  Probe (Chrono Boost)  
  44  3:57  Probe (Chrono Boost)  
  44  3:58  Probe (Chrono Boost)  
  44  4:00  Assimilator  
  46  4:05  Observer, Assimilator  
  46  4:08  Probe (Chrono Boost), Gateway  
  46  4:09  Probe (Chrono Boost)  
  49  4:10  Gateway  
  49  4:18  Probe (Chrono Boost), Robotics Bay  
  49  4:19  Probe (Chrono Boost)  
  49  4:21  Pylon  
  51  4:29  Probe (Chrono Boost), Warp Prism  
  51  4:30  Probe (Chrono Boost)  
  55  4:39  Probe (Chrono Boost)  
  55  4:40  Probe (Chrono Boost)  
  57  4:50  Probe (Chrono Boost)  
  57  4:51  Probe (Chrono Boost)  
  57  4:52  Pylon  
  59  4:53  Pylon  
  59  5:00  Probe (Chrono Boost)  
  59  5:01  Probe (Chrono Boost)  
  59  5:06  Disruptor  
  64  5:11  Stalker, Probe (Chrono Boost)  
  64  5:12  Stalker x2, Probe (Chrono Boost)  
  72  5:21  Probe (Chrono Boost)  
  72  5:26  Probe (Chrono Boost)  
  74  5:36  Gateway x2  
  74  5:39  Gateway  
  74  5:42  Pylon  
  74  5:47  Adept x3  
  80  5:55  Immortal  
  84  6:09  Probe x2 (Chrono Boost)  
  84  6:11  Nexus  
  82  6:14  Stalker x2  
  82  6:15  Adept  
  88  6:21  Twilight Council  
  88  6:23  Pylon  
  88  6:34  Assimilator  
  88  6:37  Assimilator  
  88  6:39  Disruptor  
  88  6:43  Probe (Chrono Boost)  
  88  6:44  Probe (Chrono Boost)  
  93  6:49  Gateway  
  93  6:52  Gateway  
  93  6:54  Gateway  
  93  6:55  Adept x2  
  93  6:56  Gateway  
  93  7:00  Pylon  
  97  7:04  Pylon  
  97  7:05  Sentry  
  97  7:06  Sentry  
  93  7:21  Adept x4  
  101  7:25  Warp Prism (Chrono Boost)  
  101  7:30  Robotics Facility  
  101  7:43  Blink (Chrono Boost)  
  93  7:47  Probe  
  92  7:58  Stalker  
  92  7:59  Stalker x4  
  96  8:13  Disruptor (Chrono Boost)  
  96  8:15  Probe  
  100  8:22  Probe  
  100  8:24  Probe  
  102  8:29  Pylon  
  102  8:33  Adept x3, Pylon  
  108  8:38  Immortal, Pylon  
  112  8:43  Extended Thermal Lance  
  112  8:45  Colossus  
  112  8:48  Zealot x3  
  120  8:53  Templar Archives  
  124  9:02  Forge  
  124  9:04  Mothership Core  
  124  9:05  Pylon  
  124  9:07  Gateway  
  122  9:25  Protoss Ground Weapons Level 1 (Chrono Boost)  
  122  9:29  Adept x3  
  122  9:30  Adept x3  
  134  9:32  Immortal  
  134  9:38  Colossus  
  138  9:39  Photon Cannon  
  138  9:42  Photon Cannon  
  139  9:55  Psionic Storm  
  133  10:02  Adept x4  
  141  10:11  Disruptor  
  141  10:13  Zealot  
  146  10:17  Zealot x4  
  132  10:38  Zealot x2  
  132  10:39  Zealot x3  
  130  10:43  Probe, Disruptor  
  134  10:52  Colossus  
  138  10:57  Adept x2  
  138  10:58  Adept  
  138  10:59  High Templar x2  
  148  11:05  Pylon x2  
  148  11:07  Pylon  
  148  11:13  Nexus  
  148  11:18  Assimilator  
  148  11:20  Assimilator  
  148  11:22  Disruptor, Pylon  
  151  11:26  Pylon  
  151  11:34  Adept x2  
  151  11:35  Adept x2  
  151  11:37  High Templar x2  
  163  11:42  High Templar x2  
  163  11:47  Photon Cannon  
  167  11:50  Pylon  
  167  11:59  Stalker x3  
  167  12:00  Stalker x2  
  177  12:02  High Templar x2  
  177  12:07  Archon  
  177  12:12  Adept  
  177  12:13  Adept  
  179  12:22  Zealot x4  
  183  12:23  Zealot x2  
  185  12:30  Adept  
  197  13:14  Adept  
Show
View Real Time Build Order
Export as new Build Order

lesha Terran 

Build Orders: Reaper Expand, MMM Bio 

Get SALT Encoding   

  12  0:01  SCV  
  13  0:13  SCV  
  14  0:18  Supply Depot  
  14  0:25  SCV  
  15  0:40  SCV  
  15  0:41  Barracks  
  16  0:46  Refinery  
  16  0:52  SCV  
  17  1:04  SCV  
  18  1:16  SCV  
  19  1:28  Orbital Command  
  19  1:30  Reaper  
  20  1:50  Command Center  
  20  1:56  SCV  
  21  2:08  SCV  
  21  2:20  SCV  
  22  2:26  Factory  
  22  2:27  Barracks  
  22  2:31  Barracks  
  22  2:32  SCV  
  22  2:33  Barracks Reactor  
  22  3:02  Supply Depot  
  22  3:10  Marine x2  
  26  3:13  Hellion  
  26  3:15  SCV  
  26  3:19  Orbital Command  
  27  3:27  SCV  
  28  3:28  Refinery  
  28  3:29  Marine  
  28  3:30  Marine x3  
  32  3:40  SCV  
  33  3:47  SCV, Marine x2  
  36  3:53  SCV  
  37  3:58  Barracks Reactor  
  37  3:59  SCV, Barracks Tech Lab  
  37  4:00  Factory Tech Lab  
  38  4:16  Marine x2  
  40  4:24  Starport  
  40  4:26  Engineering Bay  
  40  4:27  Engineering Bay  
  40  4:28  Barracks, Marine  
  40  4:30  Siege Tank  
  44  4:34  Marine x2  
  46  4:44  Marine x2  
  48  4:46  Supply Depot  
  48  4:48  Supply Depot, SCV x2  
  48  4:51  Supply Depot  
  50  4:53  Marine x2  
  52  5:00  SCV  
  52  5:02  Stimpack  
  53  5:08  Marauder  
  53  5:10  Terran Infantry Weapons Level 1  
  55  5:15  SCV x2  
  55  5:18  Starport Reactor  
  57  5:24  Marine x3  
  57  5:26  Marine  
  57  5:27  SCV  
  62  5:30  Barracks Reactor  
  62  5:37  SCV  
  62  5:39  SCV  
  62  5:40  Marauder  
  66  5:49  SCV  
  52  6:05  Marine  
  53  6:12  Marine x5  
  53  6:13  Medivac  
  53  6:14  Medivac  
  62  6:28  Missile Turret x3  
  62  6:32  Command Center  
  62  6:34  Missile Turret  
  62  6:36  SCV x2  
  64  6:40  Marine x4  
  68  6:48  SCV  
  69  6:59  Marine x4  
  69  7:00  SCV, Marine x2  
  78  7:01  Marauder  
  78  7:08  Medivac  
  80  7:09  Supply Depot  
  80  7:11  Supply Depot  
  79  7:24  Marine x2  
  79  7:25  Marine x5  
  86  7:31  SCV x2  
  86  7:42  Marine  
  86  7:43  SCV x2  
  80  7:52  Marine  
  80  7:53  Marine x5  
  80  7:55  SCV  
  80  7:57  Medivac  
  89  8:00  Marine  
  90  8:13  Marine x6  
  90  8:15  Medivac  
  90  8:18  Marine  
  99  8:30  Marine  
  99  8:31  Marine x2  
  99  8:32  Barracks x2  
  102  8:34  SCV x2  
  102  8:35  Orbital Command  
  104  8:44  Refinery  
  104  8:45  Refinery  
  104  8:46  SCV x2  
  104  8:48  Combat Shields, Armory  
  106  8:49  Marine  
  106  8:50  Marine x2  
  109  8:59  Supply Depot  
  109  9:03  Supply Depot  
  109  9:20  Marine x7  
  109  9:21  SCV  
  105  9:34  Medivac x2  
  105  9:37  Barracks Reactor x2  
  109  9:38  Marine x7  
  112  9:56  Marine x5  
  112  9:59  Command Center  
  68  10:45  Marine x7  
  68  10:46  Marauder, Marine x2  
  79  10:58  Marine  
  79  11:00  Medivac x2  
  79  11:02  Marine  
  79  11:03  Marine x4  
  89  11:07  SCV  
  89  11:08  SCV x2, Marauder  
  94  11:16  Marine x4  
  98  11:19  SCV  
  98  11:20  SCV x2  
  98  11:24  Barracks  
  101  11:26  Barracks  
  101  11:27  Barracks  
  101  11:28  Barracks  
  101  11:29  Marine  
  101  11:30  Medivac x2, Barracks, Marine x6  
  101  11:32  SCV x2  
  114  11:45  Marine x2  
  114  11:46  Marine x2  
  118  11:47  Marine  
  118  11:49  Marauder  
  90  12:10  Marauder  
  90  12:12  Marine  
  90  12:13  Marine x6  
  90  12:20  Barracks Tech Lab x5  
  88  12:23  SCV x4  
  88  12:29  Marine x2  
  84  12:30  Marine x3  
  84  12:31  Marauder, Marine x4  
  84  12:35  SCV x4  
  97  12:40  Marine  
  97  12:41  Marine  
  97  12:42  Marauder x4  
  107  12:47  SCV  
  107  12:53  Marauder  
  109  12:59  Marauder, Marine x8  
  109  13:03  Marauder x2  
  109  13:04  Marauder x2  
  110  13:17  Command Center  
Tags
 
Add a new tag
Caveats
  • Supply blocks, unpowered buildings, or Contaminate may cause inaccurate times.
  • Supply counts are checked every 10 seconds.